 Dungeon Crawl Stone Soup version 0.22.1-1-ga44c0e5 (webtiles) character file.

251772 brandon the Eclecticist (level 18, -13/113 HPs)
             Began as a Deep Elf Fire Elementalist on Oct 9, 2018.
             Was the Champion of Vehumet.
             Mangled by a ghoul (21 damage)
             ... on level 2 of the Vaults on Oct 10, 2018.
             The game lasted 02:40:28 (55645 turns).

brandon the Eclecticist (DEFE)                     Turns: 55645, Time: 02:40:30

Health: -13/113    AC: 12    Str:  7    XL:     18   Next: 94%
Magic:  3/43       EV: 17    Int: 29    God:    Vehumet [******]
Gold:   1153       SH:  8    Dex: 17    Spells: 1/55 levels left

rFire    + . .     SeeInvis +   r - staff of summoning
rCold    . . .     Gourm    .   q - +0 buckler
rNeg     . . .     Faith    .   T - +2 robe {MR+}
rPois    +         Spirit   .   (helmet restricted)
rElec    +         Reflect  +   k - +2 cloak {rPois}
rCorr    .         Harm     .   F - +2 pair of gloves
MR       +++++                  (no boots)
Stlth    +++.......             N - amulet of Honesty {Reflect +Blink MR+ SH+2 SInv}
HPRegen  0.28/turn              J - ring "Geuh" {rElec rF+ MR+}
MPRegen  0.28/turn              l - ring of protection from magic

@: no status effects
A: antennae 1, hooves 1, slimy green scales 1, thin skeletal structure 1, strong
1
}: 2/15 runes: decaying, serpentine
a: Renounce Religion, Evoke Blink


You were on level 2 of the Vaults.
You worshipped Vehumet.
Vehumet was exalted by your worship.
You were not hungry.

You visited 7 branches of the dungeon, and saw 33 of its levels.

You collected 2389 gold pieces.
You spent 1236 gold pieces at shops.

Inventory:

Hand Weapons
 s - a +3 short sword of freezing
Armour
 d - a +2 robe of cold resistance
 k - a +2 cloak of poison resistance (worn)
 q - a +0 buckler (worn)
 F - a +2 pair of gloves (worn)
 T - a +2 robe of magic resistance (worn)
Magical Staves
 r - an uncursed staff of summoning (weapon)
Jewellery
 j - an uncursed ring of wizardry
 l - a ring of protection from magic (right hand)
 n - an uncursed ring of protection from cold
 o - an uncursed amulet of the acrobat
 t - an uncursed amulet of magic regeneration
 J - the ring "Geuh" (left hand) {rElec rF+ MR+}
   (You bought it in a shop on level 2 of the Vaults)

   [ring of protection from magic]

   It protects you from fire.
   It insulates you from electricity.
   It affects your resistance to hostile enchantments.
 N - the amulet of Honesty (around neck) {Reflect +Blink MR+ SH+2 SInv}
   (You bought it in a shop on level 2 of the Vaults)

   [amulet of reflection]

   It shields you and reflects attacks.
   It affects your resistance to hostile enchantments.
   It lets you see invisible.
   It lets you blink.
   It affects your SH (+2).
 U - an uncursed ring of protection from fire
Wands
 p - a wand of disintegration (27)
 u - a wand of clouds (3)
 v - a wand of enslavement (27)
 y - a wand of iceblast (26)
 B - a wand of digging (38)
 K - a wand of paralysis (22)
 L - a wand of flame (76)
 Q - a wand of acid (29)
Scrolls
 b - 3 scrolls of enchant weapon
 f - 5 scrolls of amnesia
 g - 4 scrolls of enchant armour
 h - 9 scrolls of remove curse
 m - a scroll of holy word
 C - a scroll of summoning
 D - 4 scrolls of magic mapping
 M - a scroll of teleportation
 O - a scroll of fog
Potions
 e - 6 potions of curing
 i - a potion of resistance
 w - 5 potions of agility
 x - a potion of invisibility
 A - 6 potions of brilliance
 E - 3 potions of berserk rage
 G - 3 potions of cancellation
 H - 3 potions of flight
 P - 2 potions of mutation
 R - 3 potions of heal wounds
 X - a potion of ambrosia
Miscellaneous
 a - a sack of spiders
 S - a lamp of fire
 V - a box of beasts
Comestibles
 c - 17 rations
 z - 9 chunks of flesh


   Skills:
 + Level 12.6 Fighting
 + Level 4.6 Armour
 + Level 7.3 Dodging
 - Level 2.4 Stealth
 - Level 5.3 Shields
 - Level 19.3 Spellcasting
 + Level 18.2 Conjurations
 - Level 9.9 Summonings
 + Level 17.7 Fire Magic
 - Level 2.4 Poison Magic


You had one spell level left.
You knew the following spells:

 Your Spells              Type           Power        Failure   Level  Hunger
a - Flame Tongue          Conj/Fire      #####        0%          1    None
b - Magic Dart            Conj           ####         0%          1    None
c - Conjure Flame         Conj/Fire      #######.     0%          3    None
d - Sticky Flame          Conj/Fire      #######.     0%          4    None
e - Fireball              Conj/Fire      #######...   1%          5    None
f - Bolt of Fire          Conj/Fire      #######...   1%          6    None
g - Iskenderun's Mystic   Conj           #######.     0%          4    None
h - Spellforged Servitor  Conj/Summ      ########..   1%          7    ####...
i - Throw Flame           Conj/Fire      ######       0%          2    None
j - Venom Bolt            Conj/Pois      ######....   1%          5    None
k - Fire Storm            Conj/Fire      #######...   22%         9    #######
r - Orb of Destruction    Conj           #######...   1%          7    ####...

Your spell library contained the following spells:

 Spells                   Type           Power        Failure   Level  Hunger
 Glaciate                 Conj/Ice       ######....   100%        9    #######
 Tornado                  Air            ####......   100%        9    #######
 Sting                    Conj/Pois      ####         0%          1    None
 Beastly Appendage        Tmut           ####..       1%          1    None
 Confusing Touch          Hex            ####..       1%          1    None
 Searing Ray              Conj           ######       0%          2    None
 Poisonous Vapours        Pois/Air       #####.       1%          2    None
 Dazzling Spray           Conj/Hex       ######       1%          3    None
 Ignite Poison            Fire/Tmut/Pois ######..     1%          3    None
 Inner Flame              Hex/Fire       ######..     1%          3    None
 Mephitic Cloud           Conj/Pois/Air  ######..     1%          3    None
 Force Lance              Conj/Tloc      ######..     1%          4    None
 Fulminant Prism          Conj/Hex       ######....   1%          4    None
 Olgreb's Toxic Radiance  Pois           #####...     1%          4    None
 Bolt of Magma            Conj/Fire/Erth #######...   1%          5    None
 Irradiate                Conj/Tmut      ######....   1%          5    None
 Iron Shot                Conj/Erth      ######....   1%          6    None
 Sticks to Snakes         Tmut           ####....     2%          2    None
 Sublimation of Blood     Necr           ####......   2%          2    None
 Spider Form              Tmut/Pois      #####.....   2%          3    None
 Confuse                  Hex            ####....     4%          3    None
 Gell's Gravitas          Tloc           ####......   4%          3    None
 Yara's Violent Unravell  Hex/Tmut       ####......   11%         5    None
 Ice Form                 Ice/Tmut       ####....     14%         4    None
 Leda's Liquefaction      Hex/Erth       ####......   14%         4    None
 Petrify                  Tmut/Erth      ####....     14%         4    None
 Alistair's Intoxication  Tmut/Pois      #####...     24%         5    None
 Blade Hands              Tmut           ####......   36%         5    None
 Metabolic Englaciation   Hex/Ice        ####......   36%         5    None
 Statue Form              Tmut/Erth      ####.....    91%         6    None
 Shatter                  Erth           ####......   100%        9    #######


Dungeon Overview and Level Annotations

Branches:
Dungeon (15/15)            Temple (1/1) D:4            Lair (6/6) D:10
  Swamp (4/4) Lair:3        Snake (4/4) Lair:4          Orc (1/2) D:11
 Vaults (2/5) D:13         Depths (0/5) D:15
  Slime: Lair:5-6     Crypt: Vaults:2-3

Altars:
Ashenzari
Cheibriados
Dithmenos
Elyvilon
Fedhas
Gozag
Hepliaklqana
Kikubaaqudgha
Makhleb
Okawaru
Qazlal
Sif Muna
Trog
Vehumet
Wu Jian
Xom
Yredelemnul
The Shining One

Shops:
D:12 (   D:15 (   Orc:1 [   Snake:2 (   Vaults:1 (   Vaults:2 =

Annotations:
D:9 2 transporters
Swamp:2 3 runed doors, ThePrince's ghost, adept OgFE; Voul's ghost, adept GnFi
Snake:2 2 transporters, Ireq's ghost, adept MfGl
Vaults:2 1 runed door, Xiraoc's ghost, adept MfGl


Innate Abilities, Weirdness & Mutations

You have a pair of small antennae on your head.
You have large cloven feet.
You are partially covered in slimy green scales. (AC +2)
You have a somewhat thin skeletal structure. (Dex +2, Stealth)
Your muscles are strong. (Str +2)


Message History

Aim: a ghoul The sticky flame hits the ghoul.
The ghoul is lightly damaged.
The ghoul is covered in liquid flames!
The ghoul burns!
You block the ghoul's attack. The ghoul claws you!!
* * * LOW HITPOINT WARNING * * *
Casting: Sticky Flame (safe; 0% risk of failure)
Confirm with . or Enter, or press ? or * to list all spells.
Aiming: Flame Tongue (safe; 0% risk of failure)
Press: ? - help, Shift-Dir - straight line, f/p - ghoul
Aim: a ghoul (lightly damaged, covered in liquid flames)
Okay, then.
Casting: Flame Tongue (safe; 0% risk of failure)
Confirm with . or Enter, or press ? or * to list all spells.
You feel a surge of power!
You summon a servant imbued with your destructive magic!
The ghoul burns!
The ghoul claws you!!
* * * LOW HITPOINT WARNING * * *
The ghoul claws you!!
You die...

#########'#######################
.......().(......................
..........((.).))................
.........#(###()...............(.
.........#...##..).........).....
.........####.##...............))
............##.##{...............
...........##.)n##.......####'###
..........##..>.@#.......#.......
......)...#...8.##....)..#.#####.
..#.#.....##...##........#.#§≈≈#.
...∩.......##.##.........#.#≈≈§#.
###.#####...##.####......#.#####.
........#....##...#......#.......
........#..####'###..)...########
........#..# #.#................
..(.....#..####.#....###########.


You could see a ghoul (burning) and a friendly spellforged servitor.

Vanquished Creatures
  Xtahua (Vaults:2)
  A tentacled monstrosity (Swamp:4)
  4 nagarajas (Snake:4)
  A deep elf sorcerer (Vaults:1)
  3 vault wardens (Vaults:2)
  A stone giant (Vaults:2)
  2 very ugly things (Swamp:4)
  6 ironheart preservers
  A deep elf demonologist (Vaults:1)
  A blizzard demon (Snake:3)
  2 yaktaur captains
  A deep elf death mage (Vaults:1)
  A green death (Swamp:4)
  2 ogre magi
  3 great orbs of eyes
  An ice dragon (Lair:5)
  A fire dragon (Lair:6)
  A vault guard (D:13)
  18 hydras
  A ghost crab (Swamp:4)
  8 naga warriors
  13 anacondas
  14 alligators
  4 centaur warriors
  5 death yaks (Lair:4)
  6 two-headed ogres
  A deep troll shaman (Vaults:1)
  A deep troll earth mage (Vaults:1)
  A thrashing horror (Swamp:4)
  2 deep elf knights (Vaults:1)
  10 naga sharpshooters
  6 shock serpents
  10 spriggans
  A shadow wraith (Vaults:2)
  8 skeletal warriors
  4 salamander mystics (Snake:4)
  A flayed ghost (D:15)
  9 naga ritualists
  7 swamp dragons
  4 wizards
  4 shambling mangroves
  2 ironbrand convokers
  3 deep trolls (Vaults:1)
  A necromancer (D:15)
  2 lindwurms (Snake:4)
  2 orc knights (Vaults:2)
  A wolf spider (shapeshifter) (Vaults:2)
  13 mana vipers
  7 deep elf magi
  An oklob plant (Lair:2)
  A wolf spider (Vaults:1)
  15 ugly things
  3 cyclopes
  2 manticores
  10 salamanders
  5 elephants
  A large abomination (Swamp:4)
  26 black mambas
  23 naga magi
  3 vault sentinels
  2 molten gargoyles (Lair:6)
  6 guardian serpents
  2 orange demons (Swamp:4)
  3 gargoyles
  9 spiny frogs
  A centaur skeleton (D:14)
  5 rime drakes
  A kobold demonologist (D:8)
  16 yaktaurs
  2 freezing wraiths
  6 komodo dragons
  10 tyrant leeches
  14 hornets
  6 meliai (D:15)
  5 polar bears
  A yaktaur skeleton (Vaults:1)
  4 trolls
  A deep troll zombie (D:15)
  A sphinx simulacrum (Vaults:1)
  Grinder (D:5)
  35 slime creatures
  21 blink frogs
  An ice dragon zombie (D:15)
  8 bog bodies
  6 hippogriffs
  A human simulacrum (Vaults:2)
  A fire giant simulacrum (Vaults:2)
  Sigmund (D:5)
  6 shadows
  21 yaks
  A vampire (D:14)
  A wyvern (shapeshifter) (Vaults:1)
  A water elemental (D:15)
  4 wraiths
  A wyvern (D:13)
  A hog (shapeshifter) (D:15)
  Eustachio (D:5)
  A human (D:11)
  2 hungry ghosts
  12 vampire mosquitoes
  5 basilisks
  A warg (Orc:1)
  32 nagas
  21 swamp worms
  2 hell hounds
  18 insubstantial wisps
  An acid dragon (Vaults:1)
  12 water moccasins
  8 porcupines
  A human skeleton (D:15)
  A black bear (D:11)
  6 swamp drakes
  5 ice beasts
  16 orc warriors
  An eye of draining (D:10)
  3 phantoms
  3 sky beasts
  14 ogres
  16 wolves
  12 centaurs
  2 necrophages (D:7)
  13 crocodiles
  10 big kobolds
  16 bullfrogs
  An ogre simulacrum (Vaults:1)
  A hornet simulacrum (D:15)
  8 scorpions
  A tengu zombie (D:15)
  13 wights
  2 electric eels
  2 howler monkeys
  3 crimson imps
  5 lava snakes (Lair:6)
  A bullfrog zombie (D:10)
  5 centaur zombies
  3 hounds (D:10)
  3 jellies
  A gnoll shaman (D:7)
  7 orc priests
  3 iguanas
  13 orc wizards
  14 worker ants
  A hound zombie (D:10)
  A hound skeleton (D:6)
  A worker ant zombie (D:8)
  8 gnolls
  10 adders
  4 shadow imps
  2 worms (D:2)
  5 dart slugs
  6 leopard geckos
  49 orcs
  11 bats
  6 giant cockroaches
  7 goblins
  6 hobgoblins
  5 jackals (D:8)
  10 quokkas
  3 frilled lizards
  A jackal zombie (D:5)
  16 kobolds
  5 rats
  A fungus (Lair:6)
  A withered plant (D:15)
978 creatures vanquished.

Vanquished Creatures (collateral kills)
  Vashnia (Snake:4)
  Nikola (Swamp:3)
  4 nagarajas (Snake:4)
  A vault warden (Vaults:1)
  An ironheart preserver (Vaults:1)
  A green death (Swamp:4)
  2 naga warriors (Snake:4)
  A rakshasa (Vaults:2)
  4 hydras
  An ice dragon (Vaults:2)
  6 two-headed ogres
  An ogre mage (Vaults:2)
  5 anacondas
  3 naga sharpshooters (Snake:4)
  A salamander mystic (Snake:4)
  4 skeletal warriors
  5 deep trolls (Vaults:1)
  An unseen horror (D:11)
  A shambling mangrove (Swamp:4)
  3 lindwurms
  2 naga ritualists
  A wizard (Vaults:1)
  2 mana vipers (Snake:2)
  A necromancer (Vaults:1)
  10 ugly things
  2 orc knights (Vaults:1)
  An ironbrand convoker (Vaults:1)
  A salamander (Snake:4)
  3 naga magi
  13 black mambas
  A guardian serpent (Snake:4)
  A spiny frog (Swamp:3)
  A gargoyle (D:11)
  A molten gargoyle (Lair:6)
  3 yaktaurs (Vaults:1)
  2 komodo dragons (Lair:6)
  2 trolls
  4 slime creatures
  2 hornets (Swamp:3)
  2 basilisks (Lair:6)
  A human (D:11)
  A hungry ghost (D:15)
  A steam dragon (Lair:6)
  5 nagas
  A swamp drake (D:11)
  2 hell hounds (Lair:6)
  A phantom (D:11)
  2 orc warriors (D:11)
  An ogre (Vaults:2)
  An orc zombie (Vaults:1)
  2 wolves (Lair:6)
  A bullfrog zombie (D:11)
  2 hounds
  An orc priest (D:11)
  3 orc wizards (D:11)
  11 orcs
  A fungus (Lair:6)
139 creatures vanquished.

Vanquished Creatures (others)
  A bush (Lair:6)
  15 fungi
  11 plants
  17 withered plants
44 creatures vanquished.

Grand Total: 1161 creatures vanquished

Notes
Turn   | Place    | Note
-------+----------+-------------------------------------------
     0 | D:1      | brandon the Deep Elf Fire Elementalist began the quest for
                  | the Orb.
     0 | D:1      | Reached XP level 1. HP: 10/10 MP: 6/6
   155 | D:1      | Reached XP level 2. HP: 15/15 MP: 0/8
   364 | D:1      | Reached XP level 3. HP: 18/19 MP: 7/10
   370 | D:1      | Learned a level 2 spell: Throw Flame
   374 | D:1      | Learned a level 3 spell: Conjure Flame
  1298 | D:2      | Reached XP level 4. HP: 24/24 MP: 8/11
  1304 | D:2      | Learned a level 4 spell: Sticky Flame
  1534 | D:2      | Reached skill level 4 in Spellcasting
  1779 | D:3      | Reached XP level 5. HP: 28/28 MP: 10/13
  2215 | D:3      | Found a white marble altar of Elyvilon.
  2217 | D:3      | Found a shimmering altar of Xom.
  2217 | D:3      | Found a radiant altar of Vehumet.
  2219 | D:3      | Found a stormy altar of Qazlal.
  2219 | D:3      | Found a glowing golden altar of the Shining One.
  2219 | D:3      | Found an ornate altar of the Wu Jian Council.
  2618 | D:4      | Found a staircase to the Ecumenical Temple.
  2704 | Temple   | Entered the Ecumenical Temple
  2743 | Temple   | Became a worshipper of Vehumet
  2860 | D:4      | Reached skill level 1 in Shields
  2860 | D:4      | Reached XP level 6. HP: 26/32 MP: 2/14
  3385 | D:5      | Entered Level 5 of the Dungeon
  3464 | D:5      | Found an ancient bone altar of Kikubaaqudgha.
  3480 | D:5      | Reached skill level 5 in Conjurations
  3714 | D:5      | Noticed Eustachio
  3934 | D:5      | Noticed Sigmund
  3941 | D:5      | Killed Sigmund
  3941 | D:5      | Reached skill level 5 in Fire Magic
  3941 | D:5      | Reached XP level 7. HP: 36/36 MP: 6/15
  4022 | D:5      | Found a shattered altar of Ashenzari.
  4029 | D:5      | Noticed Grinder
  4044 | D:5      | Killed Grinder
  4376 | D:5      | Killed Eustachio
  4467 | D:6      | Reached XP level 8. HP: 41/41 MP: 5/16
  4638 | D:6      | Reached * piety under Vehumet
  4638 | D:6      | Offered knowledge of Shock by Vehumet.
  5178 | D:6      | Reached skill level 5 in Shields
  5513 | D:6      | Reached XP level 9. HP: 26/45 MP: 4/17
  5606 | D:6      | Learned a level 5 spell: Fireball
  5608 | D:6      | Found an iron altar of Okawaru.
  5608 | D:6      | Found a snail-covered altar of Cheibriados.
  6057 | D:7      | Reached skill level 1 in Fighting
  6057 | D:7      | Reached skill level 5 in Spellcasting
  6906 | D:7      | Found a stormy altar of Qazlal.
  6907 | D:7      | Found an ancient bone altar of Kikubaaqudgha.
  7274 | D:8      | Reached skill level 6 in Spellcasting
  7305 | D:8      | Reached ** piety under Vehumet
  7305 | D:8      | Offered knowledge of Magic Dart by Vehumet.
  7746 | D:8      | Reached skill level 10 in Conjurations
  7819 | D:8      | Learned a level 1 spell: Magic Dart
  8190 | D:8      | Found a shadowy altar of Dithmenos.
  8316 | D:8      | Offered knowledge of Static Discharge by Vehumet.
  8331 | D:8      | Noticed a kobold demonologist
  8335 | D:8      | Reached XP level 10. HP: 51/55 MP: 17/22
  8346 | D:8      | Noticed a rust devil
  8388 | D:7      | Learned a level 5 spell: Venom Bolt
  8844 | D:9      | Reached skill level 7 in Spellcasting
  8846 | D:9      | Reached skill level 1 in Poison Magic
  9356 | D:9      | Reached *** piety under Vehumet
  9504 | D:9      | Found a transporter.
  9504 | D:9      | Noticed a fire crab
  9883 | D:9      | Found a transporter.
  9894 | D:9      | Noticed an orc sorcerer
 10212 | D:9      | Found a glowing golden altar of the Shining One.
 10408 | D:10     | Entered Level 10 of the Dungeon
 10505 | D:10     | Offered knowledge of Throw Icicle by Vehumet.
 10508 | D:10     | Reached skill level 8 in Spellcasting
 10719 | D:10     | Noticed a two-headed ogre
 10750 | D:10     | Killed a two-headed ogre
 10750 | D:10     | Reached skill level 9 in Spellcasting
 11102 | D:10     | Reached XP level 11. HP: 62/62 MP: 22/26
 11103 | D:10     | Found a staircase to the Lair.
 11575 | Lair:1   | Entered Level 1 of the Lair of Beasts
 11775 | Lair:1   | Noticed a six-headed hydra
 11790 | Lair:1   | Killed a six-headed hydra
 11884 | Lair:1   | Reached skill level 10 in Spellcasting
 12050 | Lair:1   | Reached **** piety under Vehumet
 12104 | Lair:1   | Reached skill level 5 in Fighting
 12888 | Lair:2   | Offered knowledge of Airstrike by Vehumet.
 13401 | Lair:2   | Found a hazy altar of Hepliaklqana.
 13401 | Lair:2   | Noticed an oklob plant
 13415 | Lair:2   | Killed an oklob plant
 13415 | Lair:2   | Reached skill level 11 in Spellcasting
 13736 | Lair:3   | Noticed a seven-headed hydra
 13744 | Lair:3   | Killed a seven-headed hydra
 13862 | Lair:3   | Noticed a four-headed hydra
 13866 | Lair:3   | Killed a four-headed hydra
 13924 | Lair:3   | Noticed a five-headed hydra
 14089 | Lair:3   | Killed a five-headed hydra
 14089 | Lair:3   | Reached skill level 12 in Spellcasting
 14284 | Lair:3   | Reached XP level 12. HP: 69/69 MP: 16/30
 14302 | Lair:3   | Reached skill level 10 in Fire Magic
 14478 | Lair:3   | Found a staircase to the Swamp.
 15311 | Lair:4   | Reached skill level 13 in Spellcasting
 15427 | Lair:4   | Found a staircase to the Snake Pit.
 15449 | Lair:4   | Reached ***** piety under Vehumet
 15862 | Lair:4   | Offered knowledge of Spellforged Servitor by Vehumet.
 15867 | Lair:4   | Noticed an eight-headed hydra
 16025 | Lair:4   | Noticed a death yak
 16050 | Lair:4   | Killed an eight-headed hydra
 16412 | Lair:4   | Noticed a death yak
 16415 | Lair:4   | Noticed a death yak
 16422 | Lair:4   | Noticed a death yak
 16450 | Lair:4   | Killed a death yak
 16541 | Lair:4   | Killed a death yak
 16544 | Lair:4   | Noticed a death yak
 16545 | Lair:4   | Killed a death yak
 16859 | Lair:4   | Killed a death yak
 16859 | Lair:4   | Reached skill level 14 in Spellcasting
 16867 | Lair:4   | Killed a death yak
 17598 | Lair:5   | Noticed a five-headed hydra
 17601 | Lair:5   | Killed a five-headed hydra
 17601 | Lair:5   | Reached XP level 13. HP: 76/76 MP: 7/33
 19358 | Lair:6   | Entered Level 6 of the Lair of Beasts
 19430 | Lair:6   | Reached skill level 15 in Spellcasting
 19620 | Lair:6   | Learned a level 7 spell: Spellforged Servitor
 19651 | Lair:6   | Reached skill level 1 in Summonings
 19998 | Lair:6   | Learned a level 4 spell: Iskenderun's Mystic Blast
 20283 | Lair:6   | Offered knowledge of Ozocubu's Refrigeration by Vehumet.
 21209 | Lair:6   | Found a large runed door.
 21209 | Lair:6   | Found a large runed door.
 21334 | Lair:6   | Noticed a fire dragon
 21340 | Lair:6   | Killed a fire dragon
 22187 | D:11     | Found an iron altar of Okawaru.
 22876 | D:11     | Reached XP level 14. HP: 74/84 MP: 15/35
 22890 | D:11     | Offered knowledge of Bolt of Fire by Vehumet.
 23105 | D:11     | Found a staircase to the Orcish Mines.
 23346 | Orc:1    | Entered Level 1 of the Orcish Mines
 23346 | Orc:1    | Found Wuitim's Antique Armour Shoppe.
 23350 | Orc:1    | Noticed an orc warlord
 23520 | D:11     | Learned a level 6 spell: Bolt of Fire
 23794 | Snake:1  | Entered Level 1 of the Snake Pit
 24179 | Snake:1  | Reached skill level 16 in Spellcasting
 24765 | Snake:1  | Reached skill level 5 in Summonings
 25691 | Snake:2  | Noticed Ireq's ghost (adept MfGl)
 25691 | Snake:2  | Found a transporter.
 26312 | Snake:2  | Found Iduklyjai's Antique Weapon Shop.
 26362 | Snake:2  | Offered knowledge of Iron Shot by Vehumet.
 27153 | Snake:2  | Found a transporter.
 27811 | Snake:3  | Found a bloodstained altar of Trog.
 29393 | Snake:3  | Reached XP level 15. HP: 90/90 MP: 23/37
 30202 | Snake:4  | Entered Level 4 of the Snake Pit
 30376 | Snake:4  | Noticed Vashnia
 30566 | Snake:4  | Reached skill level 17 in Spellcasting
 30567 | Snake:4  | Reached skill level 15 in Conjurations
 30571 | Snake:4  | Noticed a nagaraja
 30575 | Snake:4  | Killed a nagaraja
 31042 | Snake:4  | Killed Vashnia
 31487 | Snake:4  | Offered knowledge of Bolt of Cold by Vehumet.
 33355 | Snake:4  | Noticed a nagaraja
 33361 | Snake:4  | Killed a nagaraja
 33361 | Snake:4  | Reached skill level 10 in Fighting
 33681 | Snake:4  | Noticed a nagaraja
 33688 | Snake:4  | Killed a nagaraja
 33875 | Snake:4  | Noticed a nagaraja
 34390 | Snake:4  | Noticed a nagaraja
 34393 | Snake:4  | Killed a nagaraja
 35616 | Snake:4  | Reached XP level 16. HP: 91/97 MP: 24/39
 36169 | Snake:4  | Reached skill level 18 in Spellcasting
 36363 | Snake:4  | Gained mutation: You are partially covered in slimy green
                  | scales. (AC +2) [potion of mutation]
 36363 | Snake:4  | Gained mutation: Your body sometimes deteriorates upon
                  | taking damage. [potion of mutation]
 36363 | Snake:4  | Gained mutation: You evolve. [potion of mutation]
 36363 | Snake:4  | Gained mutation: You expend magic power (3 MP) to
                  | strengthen your wands. [potion of mutation]
 36364 | Snake:4  | Lost mutation: You expend magic power (3 MP) to strengthen
                  | your wands. [potion of mutation]
 36364 | Snake:4  | Lost mutation: Your body sometimes deteriorates upon taking
                  | damage. [potion of mutation]
 36364 | Snake:4  | Lost mutation: You evolve. [potion of mutation]
 36364 | Snake:4  | Gained mutation: You have a somewhat thin skeletal
                  | structure. (Dex +2, Stealth) [potion of mutation]
 36364 | Snake:4  | Gained mutation: Your body sometimes deteriorates upon
                  | taking damage. [potion of mutation]
 36364 | Snake:4  | Gained mutation: You have large cloven feet. [potion of
                  | mutation]
 36364 | Snake:4  | Gained mutation: You are covered in fur. (AC +1) [potion of
                  | mutation]
 36365 | Snake:4  | Lost mutation: You have a somewhat thin skeletal structure.
                  | (Dex +2, Stealth) [potion of mutation]
 36365 | Snake:4  | Lost mutation: Your body sometimes deteriorates upon taking
                  | damage. [potion of mutation]
 36365 | Snake:4  | Gained mutation: Your muscles are strong. (Str +2) [potion
                  | of mutation]
 36365 | Snake:4  | Lost mutation: You are covered in fur. (AC +1) [potion of
                  | mutation]
 36365 | Snake:4  | Gained mutation: You have a somewhat thin skeletal
                  | structure. (Dex +2, Stealth) [potion of mutation]
 36365 | Snake:4  | Gained mutation: You have a pair of small antennae on your
                  | head. [potion of mutation]
 37208 | Snake:4  | Got a serpentine rune of Zot
 37546 | Swamp:1  | Entered Level 1 of the Swamp
 37661 | Swamp:1  | Offered knowledge of Freezing Cloud by Vehumet.
 39300 | Swamp:2  | Found a runed gate.
 39300 | Swamp:2  | Found a runed gate.
 39300 | Swamp:2  | Found a runed gate.
 39651 | Swamp:2  | Reached skill level 15 in Fire Magic
 39883 | Swamp:2  | Noticed ThePrince's ghost (adept OgFE)
 39884 | Swamp:2  | Noticed Voul's ghost (adept GnFi)
 40551 | Swamp:3  | Noticed Nikola
 41202 | Swamp:3  | Offered knowledge of Orb of Destruction by Vehumet.
 41213 | Swamp:3  | Learned a level 7 spell: Orb of Destruction
 41616 | Swamp:3  | Killed Nikola
 42545 | Swamp:4  | Entered Level 4 of the Swamp
 42674 | Swamp:4  | Reached XP level 17. HP: 93/104 MP: 28/41
 43617 | Swamp:3  | Paralysed by a hornet for 3 turns
 44155 | Swamp:4  | Reached skill level 19 in Spellcasting
 44681 | Swamp:4  | Noticed a tentacled monstrosity
 44687 | Swamp:4  | Killed a tentacled monstrosity
 45427 | Swamp:4  | Got a decaying rune of Zot
 46922 | D:12     | Reached ****** piety under Vehumet
 47298 | D:12     | Found Nixkuock's Antique Weapon Shop.
 47451 | D:13     | Reached skill level 1 in Armour
 47604 | D:13     | Offered knowledge of Fire Storm by Vehumet.
 47604 | D:13     | Offered knowledge of Glaciate by Vehumet.
 47604 | D:13     | Offered knowledge of Tornado by Vehumet.
 47615 | D:13     | Learned a level 9 spell: Fire Storm
 48040 | D:13     | Found a gate to the Vaults.
 48940 | D:14     | Found a blossoming altar of Fedhas.
 49021 | D:15     | Entered Level 15 of the Dungeon
 50753 | D:15     | Found a staircase to the Depths.
 50984 | D:15     | Found Teno's Weapon Shop.
 51262 | Vaults:1 | Entered Level 1 of the Vaults
 51761 | Vaults:1 | Reached XP level 18. HP: 57/112 MP: 34/43
 52455 | Vaults:1 | Found Asi Xacy's Weapon Shoppe.
 53099 | Vaults:1 | Reached skill level 5 in Dodging
 53975 | Vaults:2 | Noticed Xtahua
 53984 | Vaults:2 | Killed Xtahua
 54024 | Vaults:2 | Found Qunoycez's Jewellery Emporium.
 54064 | Vaults:2 | Bought the ring "Geuh" {rElec rF+ MR+} for 736 gold pieces
 54064 | Vaults:2 | Bought the amulet of Honesty {Reflect +Blink MR+ SH+2 SInv}
                  | for 500 gold pieces
 54405 | Vaults:2 | Found a runed door.
 54412 | Vaults:2 | Noticed Xiraoc's ghost (adept MfGl)
 55645 | Vaults:2 | Mangled by a ghoul

Skill      XL: |  1  2  3  4  5  6  7  8  9 10 11 12 13 14 15 16 17 18 |
---------------+-------------------------------------------------------+-----
Conjurations   | 2 3 4 5 6 8 10 11 12 13 14 15 16 17 18 | 18.2
Spellcasting   | 4 6 9 12 14 15 16 17 18 19 | 19.3
Fire Magic     | 4 5 6 7 8 9 11 12 13 14 15 17 | 17.7
Shields        | 1 2 3 5 |  5.3
Fighting       | 2 4 5 7 8 9 10 11 12 | 12.6
Poison Magic   | 2 |  2.4
Summonings     | 4 7 9 |  9.9
Dodging        | 3 7 |  7.3
Armour         | 1 4 |  4.6
Stealth        | |  2.4

Action                   |  1- 3 |  4- 6 |  7- 9 | 10-12 | 13-15 | 16-18 || total
-------------------------+-------+-------+-------+-------+-------+-------++-------
Melee: Unarmed           |       |     1 |       |       |       |       ||     1
       Flail             |       |     2 |     4 |       |       |       ||     6
       Short sword       |       |       |     6 |    43 |       |       ||    49
       Staff             |       |       |       |     9 |    15 |     4 ||    28
       Kick              |       |       |       |       |       |     1 ||     1
 Cast: Flame Tongue      |    60 |   116 |   244 |   275 |   135 |   108 ||   938
       Sticky Flame      |       |     4 |    21 |    49 |    51 |    15 ||   140
       Conjure Flame     |       |     5 |    13 |     9 |    10 |     1 ||    38
       Throw Flame       |       |     1 |    11 |     1 |       |       ||    13
       Fireball          |       |       |     6 |    85 |    58 |    86 ||   235
       Magic Dart        |       |       |     5 |    20 |    20 |     1 ||    46
       Venom Bolt        |       |       |       |    36 |    53 |    41 ||   130
       Iskenderun's Myst |       |       |       |       |    93 |   130 ||   223
       Spellforged Servi |       |       |       |       |    47 |    47 ||    94
       Bolt of Fire      |       |       |       |       |   207 |   448 ||   655
       Orb of Destructio |       |       |       |       |       |    29 ||    29
Evoke: Wand              |       |       |       |       |     1 |       ||     1
  Use: Scroll            |       |     6 |     3 |    12 |    15 |    20 ||    56
       Potion            |       |       |       |     1 |     5 |    11 ||    17
 Stab: Distracted        |       |       |       |       |     1 |       ||     1
  Eat: Chunk             |     1 |     9 |    14 |    27 |    25 |    46 ||   122
       Ration            |       |       |     1 |     5 |    19 |    10 ||    35
Armor: Robe              |       |    19 |    10 |    33 |    37 |    22 ||   121
Dodge: Dodged            |     9 |    34 |    32 |    92 |   206 |   111 ||   484
Block: Buckler           |       |     5 |    15 |    53 |    65 |    35 ||   173
       Reflection        |       |       |       |       |       |     3 ||     3
